AoeStats
← 小少少

Arabia

507557799Analyzed
1v1 RM · 12d ago on Sep 18, 2026· 42m 17s· 2 players
Game mode
Random Map
Map size
Tiny (2 player)
Population
200
Speed
Normal
Resources
Standard
Victory
Conquest
Starting age
Dark Age
Ending age
Imperial Age
RankedLock teamsTeams togetherTeam positionsShared explorationLock speedFull tech treeHidden civsTurbo modeCheats
Victory
Defeat
🇹🇼 Berbers · Taiwan
2308
+9
🇹🇷 Portuguese · Türkiye
2148
-9
小少少
6:06 Loom
9:13 Feudal Age
9:45 Double-Bit Axe
20:37 Castle Age
18:42 Gold Mining
18:33 Horse Collar
20:09 Fletching
20:44 Crossbowman
21:20 Bodkin Arrow
24:13 Padded Archer Armor
24:47 Ballistics
25:29 Leather Archer Armor
28:33 Wheelbarrow
29:03 Bloodlines
29:42 Husbandry
30:28 Bow Saw
31:39 Thumb Ring
31:53 Hand Cart
33:46 Scale Barding Armor
34:50 Stone Mining
35:36 Gold Shaft Mining
35:05 Heavy Plow
35:47 Gold Shaft Mining
36:03 Thumb Ring
37:31 Chain Barding Armor
41:41 Imperial Age
40:17 Forging
41:46 Cavalier
43:11 Plate Barding Armor
Barış Manço
6:40 Loom
9:23 Feudal Age
9:52 Double-Bit Axe
9:48 Horse Collar
21:08 Castle Age
19:53 Gold Mining
21:54 Fletching
21:26 Crossbowman
22:32 Bodkin Arrow
23:04 Bow Saw
22:51 Town Watch
25:31 Ballistics
26:17 Padded Archer Armor
26:23 Heavy Plow
30:29 Scale Barding Armor
32:43 Wheelbarrow
31:44 Elite Skirmisher
32:50 Bloodlines
34:30 Leather Archer Armor
34:35 Arson
39:10 Imperial Age
36:52 Husbandry
37:32 Chain Barding Armor
38:14 Forging
38:42 Stone Mining
40:08 Bracer
41:14 Chemistry
40:35 Thumb Ring
40:10 Man-at-Arms
40:34 Cavalier
41:56 Hand Cart
42:57 Two-Man Saw
43:22 Plate Barding Armor
43:22 Iron Casting
Connection lost

Rejoining the realm…

Still unreachable

The connection could not be restored.

Session expired

The server has moved on; the page needs a fresh start.